AoeStats
← RedLeader

Arabia

510324891Analyzed
1v1 RM · 16h ago on Sep 30, 2026· 34m 16s· 2 players
Game mode
Random Map
Map size
Tiny (2 player)
Population
200
Speed
Normal
Resources
Standard
Victory
Conquest
Starting age
Dark Age
Ending age
Imperial Age
RankedLock teamsTeams togetherTeam positionsShared explorationLock speedFull tech treeHidden civsTurbo modeCheats
Victory
Defeat
🇺🇿 Huns · Uzbekistan
1431
+14
🇸🇪 Sicilians · Sweden
1392
-14
Peshmerga424
5:26 Loom
10:03 Feudal Age
20:37 Castle Age
18:54 Double-Bit Axe
19:31 Horse Collar
20:52 Gold Mining
28:39 Wheelbarrow
RedLeader
6:38 Loom
9:23 Feudal Age
10:10 Double-Bit Axe
10:16 Man-at-Arms
13:54 Fletching
21:38 Castle Age
21:18 Horse Collar
21:47 Gold Mining
22:10 Scale Barding Armor
22:16 Forging
22:48 Wheelbarrow
22:25 Bloodlines
22:20 Husbandry
22:47 Bow Saw
23:11 Chain Barding Armor
24:06 Gold Shaft Mining
24:05 Bodkin Arrow
26:23 Padded Archer Armor
27:26 Leather Archer Armor
27:47 Ballistics
33:27 Imperial Age
31:22 Stone Mining
34:13 Bracer
35:48 Chemistry
Connection lost

Rejoining the realm…

Still unreachable

The connection could not be restored.

Session expired

The server has moved on; the page needs a fresh start.